 Dungeon Crawl Stone Soup version 0.30-a0-325-gb515db48ae (console) character file.

Game seed: 13057137562819090428

1195 Ignak the Trooper (level 8, -3/84 HPs)
             Began as an Ogre Warper on Oct 28, 2022.
             Was a Believer of Okawaru.
             Succumbed to a water moccasin's poison
             ... on level 7 of the Dungeon.
             The game lasted 00:19:07 (7370 turns).

Ignak the Trooper (Ogre Warper)                     Turns: 7370, Time: 00:19:08

Health: -3/84      AC:  5    Str: 18    XL:     8   Next: 44%
Magic:  14/14      EV: 10    Int: 14    God:    Okawaru [**....]
Gold:   398        SH:  0    Dex:  8    Spells: 3/15 levels left

rFire   . . .      SeeInvis .    e - +3 giant club (spect)
rCold   . . .      Faith    .    (shield currently unavailable)
rNeg    . . .      Spirit   .    b - +0 robe
rPois   .          Reflect  .    (helmet restricted)
rElec   .          Harm     .    g - +1 cloak
rCorr   .          Rampage  .    (gloves unavailable)
Will    .....                    (boots unavailable)
Stlth   +.........               a - amulet of magic regeneration
HPRegen 0.34/turn                (no ring)
MPRegen 0.54/turn                (no ring)

@: lethally poisoned (-3 -> -17)
A: large, unfitting armour, tough skin 1
a: Renounce Religion, Heroism


You were on level 7 of the Dungeon.
You worshipped Okawaru.
Okawaru was pleased with you.
You visited 2 branches of the dungeon, and saw 8 of its levels.

You collected 398 gold pieces.

Inventory:

Hand Weapons
 d - a +2 vorpal trident
 e - a +3 spectral giant club (weapon)
Missiles
 h - a throwing net
 r - 6 boomerangs
 u - 5 poisoned darts (quivered)
Armour
 b - a +0 robe (worn)
 g - a +1 cloak (worn)
Jewellery
 a - an amulet of magic regeneration (around neck)
Wands
 i - a wand of paralysis (5)
 o - a wand of flame (10)
Scrolls
 c - a scroll of blinking
 f - 2 scrolls of teleportation
 j - a scroll of brand weapon
 k - a scroll of fog
 l - a scroll of fear
 m - a scroll of identify
 v - a scroll of poison
Potions
 p - a potion of cancellation


   Skills:
 * Level 6.6 Fighting
 * Level 4.4 Maces & Flails
 + Level 3.3 Throwing
 + Level 3.6 Dodging
 + Level 2.6 Unarmed Combat
 + Level 4.2 Spellcasting
 + Level 3.9 Translocations


You had 3 spell levels left.
You knew the following spells:

 Your Spells              Type           Power      Damage    Failure   Level
a - Teleport Other        Tloc           14%        N/A       11%         3
b - Blink                 Tloc           28%        N/A       5%          2
c - Vhi's Electric Charg  Tloc/Air       16%        N/A       26%         3
z - Manifold Assault      Tloc           14%        N/A       36%         4

Your spell library contained the following spells:

 Spells                   Type           Power      Damage    Failure   Level
 Lesser Beckoning         Tloc           28%        N/A       11%         3


Dungeon Overview and Level Annotations

Branches:
Dungeon (7/15)             Temple (1/1) D:5

Altars:
Cheibriados
Dithmenos
Elyvilon
Makhleb
Nemelex Xobeh
Okawaru
Ru
Trog
Uskayaw
Vehumet
Wu Jian
Yredelemnul
The Shining One

Shops:
D:3 [


Innate Abilities, Weirdness & Mutations

You are too large for most types of armour.
You have tough skin. (AC +1)


Message History

An orc comes into view. It is wielding a +0 mace.
An orc comes into view.
It is wielding a +2 flail of protection.
The orc shouts! x2
Found a quarterstaff.
The orc misses you.
A water moccasin comes into view.
You barely miss the orc.
Your +3 spectral giant club hits the orc!
You kill the orc!
Okawaru accepts your kill. The orc hits you with a +0 mace.
You closely miss the orc.
Your +3 spectral giant club closely misses the orc.
The orc hits you with a +0 mace.
The orc hits you with a +2 flail of protection.
The orc closely misses you.
The orc hits you with a +2 flail of protection.
You barely miss the orc.
Your +3 spectral giant club hits the orc!!
You kill the orc!
Okawaru accepts your kill.
The water moccasin misses your +3 spectral giant club.
The orc barely misses you.
The water moccasin misses your +3 spectral giant club.
You bludgeon the orc!!
You kill the orc!
Okawaru accepts your kill.
A cyclops comes into view.
The water moccasin barely misses you.
The cyclops shouts!
The cyclops throws a large rock.
The large rock hits you!! The water moccasin bites you.
You are poisoned.
The water moccasin poisons you!
The cyclops throws a large rock.
The large rock hits you!!!
Ouch! That really hurt!
* * * LOW HITPOINT WARNING * * *
There is a stone staircase leading up, spattered with blood here.
Okay, then.
You die...

######
######..C.
#....†..#
#@.# #S.#
#..# #.)#
#).# #..[.
#..###
...# #..#


You could see a cyclops and a water moccasin.

Vanquished Creatures
  A steam dragon (D:5)
  A black bear (D:4)
  An orc warrior (D:5)
  A sky beast (D:6)
  2 necrophages
  A scorpion (D:5)
  2 wights
  A jelly (D:5)
  2 hounds
  2 orc priests (D:6)
  6 orc wizards
  A gnoll (D:5)
  8 adders
  2 ufetubi (D:4)
  A worm (D:2)
  3 dart slugs
  24 orcs
  3 bats
  7 endoplasms
  7 goblins
  13 hobgoblins
  2 jackals (D:1)
  2 quokkas (D:1)
  5 ball pythons
  4 frilled lizards
  10 kobolds
  3 rats
115 creatures vanquished.

Notes
Turn   | Place    | Note
-------+----------+-------------------------------------------
     0 | D:1      | Ignak the Ogre Warper began the quest for the Orb.
     0 | D:1      | Reached XP level 1. HP: 22/22 MP: 3/3
   131 | D:1      | Reached XP level 2. HP: 15/29 MP: 3/5
   134 | D:1      | Learned a level 2 spell: Blink
   205 | D:1      | Reached skill level 3 in Fighting
   399 | D:1      | Found a faded altar of an unknown god.
   511 | D:1      | Reached XP level 3. HP: 22/37 MP: 6/6
   957 | D:2      | HP: 1/37 [poisoned by an adder]
  1074 | D:2      | Found a bloodstained altar of Trog.
  1477 | D:2      | Reached XP level 4. HP: 40/45 MP: 8/8
  1671 | D:3      | Found Bumon's Armour Shop.
  2573 | D:4      | Reached skill level 1 in Unarmed Combat
  2605 | D:4      | Reached skill level 4 in Fighting
  2605 | D:4      | Reached XP level 5. HP: 36/54 MP: 9/9
  3015 | D:4      | Learned a level 3 spell: Teleport Other
  3020 | D:4      | Learned a level 4 spell: Manifold Assault
  3374 | D:4      | Found a sparkling altar of Nemelex Xobeh.
  3684 | D:4      | Reached XP level 6. HP: 21/63 MP: 10/10
  4273 | D:5      | Entered Level 5 of the Dungeon
  4274 | D:5      | Noticed a black bear
  4372 | D:5      | Noticed a steam dragon
  5007 | D:4      | Killed a black bear
  5244 | D:5      | Found an ornate altar of the Wu Jian Council.
  5252 | D:5      | Reached skill level 5 in Fighting
  5504 | D:5      | Found a staircase to the Ecumenical Temple.
  5509 | Temple   | Entered the Ecumenical Temple
  5660 | Temple   | Became a worshipper of Warmaster Okawaru
  5696 | D:5      | Reached XP level 7. HP: 63/72 MP: 9/12
  5764 | D:5      | Found a white marble altar of Elyvilon.
  5849 | D:4      | Identified a scroll of acquirement
  5996 | D:3      | Acquired a +3 spectral giant club
  6052 | D:5      | Killed a steam dragon
  6271 | D:5      | Found a glowing golden altar of the Shining One.
  6408 | D:5      | Found a hide-covered altar of Uskayaw.
  6549 | D:6      | Learned a level 3 spell: Vhi's Electric Charge
  6565 | D:6      | Reached * piety under Okawaru
  6627 | D:6      | Reached skill level 6 in Fighting
  6769 | D:5      | Reached XP level 8. HP: 77/83 MP: 13/13
  7365 | D:7      | Reached ** piety under Okawaru
  7367 | D:7      | Noticed a cyclops
  7369 | D:7      | HP: 1/84 [cyclops/large rock (49)]
  7370 | D:7      | Succumbed to a water moccasin's poison

Illustrated notes

Levels and vault maps discovered:
D:1:      wheals_arrival_shading, layout_rooms,
          dilly_ecumenical_altar_fadedgnrine, chequers_serial_rivers_micro_a
D:2:      layout_loops_ring, basic_altar
D:3:      layout_basic, serial_shops, shop
D:4:      layout_loops_corners, nemelex_diamond_rough_becter,
          serial_bayou_lagoon_a
D:5:      layout_basic, old_standard_altar, tso_metal_star,
          overflow_temple_1_default, minmay_temple_entry_arrows,
          grunt_ministairs_12, kennysheep_small_circle
D:6:      layout_loops_cross, mainiacjoe_overflow_alcove_2, lemuel_tele_altar,
          lemuel_doored_altar, uniq_duvessa, uniq_maggie
D:7:      kennysheep_seaside_town, layout_loops_ring,
          mainiacjoe_overflow_24_doors, mainiacjoe_overflow_tiny_flanked
Temple:   nicolae_temple_bog_church

Skill      XL: |  1  2  3  4  5  6  7  8 |
---------------+-------------------------+-----
Fighting       | 3 4 5 6 |  6.6
Maces & Flails | 2 3 4 |  4.4
Translocations | 3 |  3.9
Unarmed Combat | 1 2 |  2.6
Throwing       | 2 3 |  3.3
Spellcasting   | 3 4 |  4.2
Dodging        | 3 |  3.6

Action                   |  1- 3 |  4- 6 |  7- 9 || total
-------------------------+-------+-------+-------++-------
Melee: Mace              |    87 |    79 |       ||   166
       Dagger            |    52 |       |       ||    52
       Quarterstaff      |    41 |    79 |       ||   120
       War axe           |       |    16 |       ||    16
       Punch             |       |     1 |       ||     1
       Trident           |       |    10 |       ||    10
       Giant club        |       |       |    67 ||    67
Throw: Boomerang         |     4 |     3 |       ||     7
       Dart              |       |    20 |     5 ||    25
 Cast: Blink             |     3 |    11 |     5 ||    19
       Teleport Other    |       |     1 |       ||     1
       Vhi's Electric Ch |       |       |     7 ||     7
Evoke: Wand              |       |     6 |       ||     6
  Use: Potion            |     1 |     3 |       ||     4
       Scroll            |       |       |    12 ||    12
Armor: Robe              |    73 |    71 |    37 ||   181
Dodge: Dodged            |    93 |   102 |    59 ||   254

Table legend: (Time is in decaauts)
 A = Elapsed time spent in this place.
 B = Non-inter-level travel time spent in this place.
 C = Inter-level travel time spent in this place.
 D = Time resting spent in this place.
 E = Time spent auto-exploring this place.
 F = Levels seen in this place.
 G = Mean time per level.
                   A        B        C        D        E       F      G
               +--------+--------+--------+--------+--------+-----+--------+
         Total |   7499 |   7242 |    257 |   1900 |   3232 |   8 |  937.4 |
       Dungeon |   7331 |   7086 |    245 |   1900 |   3101 |   7 | 1047.3 |
        Temple |    167 |    155 |     12 |      0 |    130 |   1 |  167.0 |
               +--------+--------+--------+--------+--------+-----+--------+

Top non-repeatable levels by time:
     D:4: 2351 daAuts
     D:5: 1740 daAuts
     D:3: 1237 daAuts
     D:2: 823 daAuts
     D:1: 820 daAuts
     D:6: 345 daAuts
  Temple: 167 daAuts
     D:7: 13 daAuts
